 Dungeon Crawl Stone Soup version 0.28-a0-2-g643f2454ad (webtiles) character file.

Game seed: 15162779406905892010

4 Sin92 the Skirmisher (level 1, 0/18 HPs)
             Began as a Demonspawn Fighter on July 22, 2021.
             Succumbed to a kobold's poison
             ... on level 1 of the Dungeon.
             The game lasted 00:00:39 (34 turns).

Sin92 the Skirmisher (Demonspawn Fighter)             Turns: 34, Time: 00:00:40

Health: 0/18       AC:  6    Str: 16    XL:     1   Next: 50%
Magic:  1/1        EV:  6    Int:  9    God:
Gold:   10         SH:  8    Dex: 12    Spells: 0/0 levels left

rFire   . . .      SeeInvis .   a - +0 long sword
rCold   . . .      Faith    .   c - +0 kite shield
rNeg    . . .      Spirit   .   b - +0 scale mail
rPois   .          Reflect  .   (no helmet)
rElec   .          Harm     .   (no cloak)
rCorr   .          Rampage  .   (no gloves)
Will    .....                   (no boots)
Stlth   ..........              (no amulet)
HPRegen 0.06/turn               (no ring)
MPRegen 0.07/turn               (no ring)

@: lethally poisoned (0 -> -6)
A: no striking features
a: no special abilities


You were on level 1 of the Dungeon.
You visited 1 branch of the dungeon, and saw 1 of its levels.

You collected 10 gold pieces.

Inventory:

Hand Weapons
 a - a +0 long sword (weapon)
Armour
 b - a +0 scale mail (worn)
 c - a +0 kite shield (worn)
Scrolls
 e - a scroll of identify {unknown}
Potions
 d - a potion of might


   Skills:
 + Level 3.0 Fighting
 * Level 1.9 Long Blades
 + Level 2.7 Armour
 + Level 0.1 Dodging
 + Level 2.7 Shields


You couldn't memorise any spells.
You didn't know any spells.
Your spell library was empty.

Dungeon Overview and Level Annotations

Branches:
Dungeon (1/15)

Altars:


Message History

A kobold comes into view. It is wielding a +0 dagger of venom.
The jackal barely misses you.
You riposte.
The kobold shouts!
You slash the jackal!
You kill the jackal!
You block the jackal's attack.
You slash the jackal!
You kill the jackal!
You see here a jackal corpse.
You barely miss the kobold.
The kobold hits you with a +0 dagger of venom.
You are poisoned.
The kobold hits you but does no damage.
You are more poisoned.
Your shield and scale mail prevent you from hitting the kobold.
You feel very sick. The kobold barely misses you.
You barely miss the kobold.
You feel very sick. You block the kobold's attack.
The kobold hits you but does no damage.
You are lethally poisoned!
You are too injured to fight recklessly!
You are too injured to fight recklessly!
You are too injured to fight recklessly!
You are too injured to fight recklessly!
You are too injured to fight recklessly!
You are too injured to fight recklessly!
Unknown command.
You are too injured to fight recklessly!
You are too injured to fight recklessly!
You are too injured to fight recklessly!
You barely miss the kobold.
* * * LOW HITPOINT WARNING * * *
You feel very sick. You block the kobold's attack.
You hit the kobold.
You kill the kobold!
* * * LOW HITPOINT WARNING * * *
You feel very sick.
You die...

############
#...........
##.8.♣.8.♣.8.
#####............
#)..∩.≈≈≈≈≈≈≈≈≈≈≈
##.###............
#####†.#
##.8.♣.8.♣.8.
#....†###
#...........
#.###@..#
############
#..........
....#...#....
##......## ... #..
##.# .. .... .# .
#.#. .# #### .#


There were no monsters in sight!

Vanquished Creatures
  2 jackals (D:1)
  A kobold (D:1)
3 creatures vanquished.

Notes
Turn   | Place    | Note
-------+----------+-------------------------------------------
     0 | D:1      | Sin92 the Demonspawn Fighter began the quest for the Orb.
     0 | D:1      | Reached XP level 1. HP: 18/18 MP: 1/1
    34 | D:1      | Succumbed to a kobold's poison

Illustrated notes

Levels and vault maps discovered:
D:1:      mainiacjoe_arrival_reflecting_pool, layout_loops_cross,
          shapermc_ecumenical_altar_notcrosses

Action                   || total
-------------------------++-------
Melee: Long sword        ||     8
Armor: Scale mail        ||     3
Dodge: Dodged            ||     2
Block: Kite shield       ||     5
       Rpst.: Long sword ||     1

Table legend: (Time is in decaauts)
 A = Elapsed time spent in this place.
 B = Non-inter-level travel time spent in this place.
 C = Inter-level travel time spent in this place.
 D = Time resting spent in this place.
 E = Time spent auto-exploring this place.
 F = Levels seen in this place.
 G = Mean time per level.
                   A        B        C        D        E       F      G
               +--------+--------+--------+--------+--------+-----+--------+
         Total |     38 |     38 |      0 |      0 |     21 |   1 |   38.0 |
       Dungeon |     38 |     38 |      0 |      0 |     21 |   1 |   38.0 |
               +--------+--------+--------+--------+--------+-----+--------+

Top non-repeatable levels by time:
     D:1: 38 daAuts
